 Dungeon Crawl Stone Soup version 0.28-a0-178-ga708605c5b (webtiles) character file.

Game seed: 13001862914259487842

518 Smaepdii the Magician (level 7, 0/50 HPs)
             Began as a Djinni Venom Mage on Aug 17, 2021.
             Was a Priest of Cheibriados.
             Slain by a wight (9 damage)
             ... on level 5 of the Dungeon on Aug 18, 2021.
             The game lasted 00:23:37 (6026 turns).

Smaepdii the Magician (Djinni Venom Mage)           Turns: 6026, Time: 00:23:37

Health: 0/50       AC:  7    Str: 14    XL:     7   Next: 45%
Gold:   133        EV: 17    Int: 23    God:    Cheibriados [***...] SH:  0 Dex: 23

rFire   + + .      SeeInvis .   h - +0 dagger
rCold   x . .      Faith    .   (no shield)
rNeg    . . .      Spirit   .   j - +0 ring mail
rPois   ∞          Reflect  .   e - +0 helmet
rElec   .          Harm     .   r - +0 cloak
rCorr   .          Rampage  .   (no gloves)
Will    +....                   (boots unavailable)
Stlth   ++........              (no amulet)
HPRegen 0.16/turn               a - ring of willpower
MPRegen 0.00/turn               l - +4 ring of evasion

@: flying, very slow
A: sickness immunity, fire resistance 2, cold vulnerability 1, float, innate
caster, hp casting, extra vitality 1
a: Renounce Religion, Bend Time, Temporal Distortion


You were on level 5 of the Dungeon.
You worshipped Cheibriados.
Cheibriados was most pleased with you.
You visited 1 branch of the dungeon, and saw 5 of its levels.

You collected 133 gold pieces.

Inventory:

Hand Weapons
 h - a +0 dagger (weapon)
 k - a +4 hand axe
Missiles
 o - 3 boomerangs of dispersal
Armour
 e - a +0 helmet (worn)
 j - a +0 ring mail (worn)
 r - a +0 cloak (worn)
Jewellery
 a - a ring of willpower (left hand)
 c - a +6 ring of intelligence
 l - a +4 ring of evasion (right hand)
Scrolls
 b - a scroll of torment
 f - a scroll of fog {unknown}
 g - a scroll of magic mapping
 n - a scroll of enchant armour {unknown}
 q - a scroll of noise {unknown}
 s - a scroll of identify
 t - a scroll of teleportation
 u - a scroll of fear {unknown}
Potions
 d - a potion of haste
 i - a potion of resistance
 m - a potion of brilliance {unknown}
 p - a potion of magic {unknown}


   Skills:
 + Level 3.0 Fighting
 + Level 4.1 Dodging
 + Level 3.3 Stealth
 * Level 4.3 Spellcasting


You couldn't memorise any spells.
You knew the following spells:

 Your Spells              Type           Power      Damage    Failure   Level
a - Sting                 Tmut/Pois      96%        1d7       3%          1
b - Poisonous Vapours     Pois/Air       48%        N/A       5%          2
c - Mephitic Cloud        Conj/Pois/Air  24%        N/A       11%         3
d - Olgreb's Toxic Radia  Pois           24%        N/A       34%         4
e - Summon Small Mammal   Summ           96%        N/A       3%          1
f - Call Imp              Summ           24%        N/A       5%          2
g - Summon Guardian Gole  Hex/Summ       24%        N/A       11%         3
Your spell library was empty.

Dungeon Overview and Level Annotations

Branches:
Dungeon (5/15)
 Temple: D:4-7

Altars:
Cheibriados
Dithmenos


Innate Abilities, Weirdness & Mutations

You are immune to sickness and miasma.
You are immune to poison.
Your flesh is very heat resistant. (rF++)
You are vulnerable to cold. (rC-)
You float through the air rather than walking.
You learn spells naturally, not from books.
Your magical power is your life essence.
You have superior vitality. (+4 HP)


Message History

There is an escape hatch in the ceiling here.
The wight hits your crimson imp with a +3 halberd of freezing!
The wight freezes your crimson imp.
Your crimson imp hits the wight but does no damage.
Your crimson imp closely misses the wight.
Your crimson imp hits the wight but does no damage.
Your guardian golem is engulfed in blazing flames.
Your guardian golem overheats!
The wight closely misses your crimson imp.
Your crimson imp hits the wight but does no damage.
Your crimson imp barely misses the wight.
The wight misses your crimson imp.
You hit the wight but do no damage.
The wight is lightly damaged.
Your crimson imp blinks!
Your crimson imp closely misses the wight. x2
The wight closely misses your crimson imp.
The wight completely misses you.
You hit the wight but do no damage.
The wight is lightly damaged.
Your crimson imp blinks!
Your crimson imp hits the wight.
Your crimson imp barely misses the wight.
The wight barely misses your crimson imp.
The wight completely misses you.
You hit the wight.
The wight is lightly damaged.
Your crimson imp closely misses the wight.
Your crimson imp barely misses the wight.
The wight misses you.
You hit the wight but do no damage.
The wight is lightly damaged.
Your crimson imp closely misses the wight. x2
The wight hits you with a +2 flail!
* * * LOW HITPOINT WARNING * * *
You hit the wight but do no damage.
The wight is lightly damaged.
Your crimson imp hits the wight but does no damage.
The wight closely misses you. The wight hits you with a +2 flail!
You die...

# #........##..... #.
##........<...#.
..###............# #
..#.....#.......# ..
#.....##.........
...#####.....#........##
.......#...#...........#
#......................#
#......@(..#............
#......z5..##†..........
.......9.z5.............
..........5.##.........
......<.....#.........
.......#.#..)..#.....
....#.#####...##.....
...$#. ....# .... .# ..
..... ....


You could see 2 wights, a friendly guardian golem (summoned, inner flame) and 3
friendly crimson imps.

Vanquished Creatures
  Sigmund (D:4)
  A phantom (D:5)
  A scorpion (D:5)
  Crazy Yiuf (D:4)
  Natasha (thrice) (D:4)
  An orc wizard (D:4)
  3 adders
  9 orcs (D:4)
  5 ball pythons
  6 endoplasms
  2 giant cockroaches
  A goblin (D:1)
  A hobgoblin (D:3)
  7 jackals (D:1)
  4 kobolds
  3 quokkas (D:4)
  3 bats
  A frilled lizard (D:3)
  A rat (D:3)
54 creatures vanquished.

Vanquished Creatures (collateral kills)
  An adder (D:4)
  A worm (D:5)
  A ball python (D:2)
  A quokka (D:2)
4 creatures vanquished.

Vanquished Creatures (others)
  An ogre (D:5)
1 creature vanquished.

Grand Total: 59 creatures vanquished

Notes
Turn   | Place    | Note
-------+----------+-------------------------------------------
     0 | D:1      | Smaepdii the Djinni Venom Mage began the quest for the Orb.
     0 | D:1      | Reached XP level 1. HP: 15/15 MP: 0/0
   424 | D:1      | Found a faded altar of an unknown god.
   427 | D:1      | Became a worshipper of Cheibriados the Contemplative
   427 | D:1      | Reached * piety under Cheibriados
   489 | D:1      | Reached XP level 2. HP: 14/21 MP: 0/0
  1575 | D:2      | Reached XP level 3. HP: 20/26 MP: 0/0
  1575 | D:2      | Learned a level 1 spell: Summon Small Mammal
  1787 | D:2      | Reached skill level 1 in Fighting
  2087 | D:2      | Reached ** piety under Cheibriados
  2589 | D:3      | Found a shadowy altar of Dithmenos.
  3163 | D:3      | Reached XP level 4. HP: 26/32 MP: 0/0
  3725 | D:4      | Noticed Sigmund
  4357 | D:4      | Noticed Natasha
  4365 | D:4      | Killed Natasha
  4366 | D:4      | Reached XP level 5. HP: 24/38 MP: 0/0
  4366 | D:4      | Learned a level 2 spell: Call Imp
  4637 | D:4      | Noticed Natasha
  4643 | D:4      | Killed Natasha
  4879 | D:4      | Killed Sigmund
  4880 | D:4      | Reached XP level 6. HP: 34/44 MP: 0/0
  4988 | D:4      | Noticed Natasha
  4991 | D:4      | Killed Natasha
  5036 | D:4      | Reached *** piety under Cheibriados
  5131 | D:4      | Found a runed translucent door.
  5132 | D:4      | Noticed Crazy Yiuf
  5145 | D:4      | Killed Crazy Yiuf
  5593 | D:5      | Entered Level 5 of the Dungeon
  5617 | D:5      | Reached XP level 7. HP: 21/49 MP: 0/0
  5617 | D:5      | Learned a level 3 spell: Summon Guardian Golem
  6026 | D:5      | Slain by a wight

Illustrated notes

Levels and vault maps discovered:
D:1:      ebering_trefoil_twist, layout_loops_ring,
          shapermc_ecumenical_altar_mp_ritualfount
D:2:      layout_basic, minmay_statues_item
D:3:      layout_loops_corners, lemuel_round_altar
D:4:      layout_basic, uniq_sigmund, uniq_natasha, uniq_crazy_yiuf_cottage
D:5:      layout_cave_pools, nicolae_shop_self_help

Skill      XL: |  1  2  3  4  5  6  7 |
---------------+----------------------+-----
Fighting       | 1 2 3 |  3.0
Stealth        | 2 3 |  3.3
Spellcasting   | 3 4 |  4.3
Dodging        | 3 4 |  4.1

Action                   |  1- 3 |  4- 6 |  7- 9 || total
-------------------------+-------+-------+-------++-------
Melee: Unarmed           |     4 |       |       ||     4
       Dagger            |    20 |    36 |     5 ||    61
 Cast: Sting             |    44 |    42 |     4 ||    90
       Poisonous Vapours |     7 |    17 |     4 ||    28
       Summon Small Mamm |    10 |     5 |       ||    15
       Call Imp          |       |    13 |     8 ||    21
       Summon Guardian G |       |       |     4 ||     4
  Use: Scroll            |       |     9 |       ||     9
       Potion            |       |     2 |       ||     2
Armor: Robe              |     1 |       |       ||     1
       Leather armour    |     2 |       |       ||     2
       Ring mail         |     9 |    15 |       ||    24
Dodge: Dodged            |    23 |    52 |    12 ||    87

Table legend: (Time is in decaauts)
 A = Elapsed time spent in this place.
 B = Non-inter-level travel time spent in this place.
 C = Inter-level travel time spent in this place.
 D = Time resting spent in this place.
 E = Time spent auto-exploring this place.
 F = Levels seen in this place.
 G = Mean time per level.
                   A        B        C        D        E       F      G
               +--------+--------+--------+--------+--------+-----+--------+
         Total |   7475 |   7030 |    445 |   2078 |   4145 |   5 | 1495.0 |
       Dungeon |   7475 |   7030 |    445 |   2078 |   4145 |   5 | 1495.0 |
               +--------+--------+--------+--------+--------+-----+--------+

Top non-repeatable levels by time:
     D:4: 2271 daAuts
     D:3: 1799 daAuts
     D:1: 1725 daAuts
     D:2: 1224 daAuts
     D:5: 455 daAuts
